 Dungeon Crawl Stone Soup version 0.19.5 (webtiles) character file.

4827 Zhenya24pyc the Basher (level 10, -3/50 HPs)
             Began as a Gargoyle Fighter on Apr 8, 2017.
             Was a Follower of Okawaru.
             Killed from afar by Psyche (10 damage)
             ... with a puff of frost
             ... on level 8 of the Dungeon.
             The game lasted 00:14:38 (5919 turns).

Zhenya24pyc the Basher (Gargoyle Fighter)           Turns: 5919, Time: 00:14:39

Health: -3/50      AC: 16    Str: 22    XL:     10   Next: 49%
Magic:  11/11      EV:  7    Int:  9    God:    Okawaru [*.....]
Gold:   364        SH:  9    Dex: 10    Spells: 0 memorised, 9 levels left

rFire  . . .     SeeInvis .     a - +0 flail
rCold  . . .     Gourm    .     O - +0 scale mail (curse)
rNeg   + . .     Faith    .     c - +0 shield
rPois  ∞         Spirit   .     l - +0 helmet
rElec  +         Reflect  .     E - +0 cloak
rCorr  .         Harm     .     (no gloves)
MR     .....                    (no boots)
Stlth  ..........               r - amulet of regeneration
                                (no ring)
                                (no ring)

@: very slightly contaminated, invisible (expiring)
A: talons 1, frail 1, negative energy resistance 1, screaming 1, electricity
resistance, unbreathing, petrification resistance, rot immunity, subdued magic
1, MP-powered wands, AC +7
a: Heroism, Renounce Religion


You were on level 8 of the Dungeon.
You worshipped Okawaru.
Okawaru was aware of your devotion.
You were not hungry.

You visited 2 branches of the dungeon, and saw 9 of its levels.
You also visited: Ossuary.

You collected 364 gold pieces.

Inventory:

Hand Weapons
 a - a +0 flail (weapon)
Armour
 c - a +0 shield (worn)
 j - a +0 ring mail
 l - a +0 helmet (worn)
 E - a +0 cloak (worn)
 O - a cursed +0 scale mail (worn)
Jewellery
 r - an amulet of regeneration (around neck)
 P - an uncursed ring of protection from cold {unknown}
Wands
 b - a wand of random effects (19/48)
 h - a wand of paralysis (15/24)
 v - a wand of polymorph (6/24)
 D - a wand of digging (7/24)
 I - a wand of slowing (18/48)
 N - a wand of confusion (30/48)
Scrolls
 i - 3 scrolls of teleportation
 k - a scroll of noise {unknown}
 m - a scroll of fear {unknown}
 n - 3 scrolls of blinking
 o - 3 scrolls of remove curse
 t - 2 scrolls of recharging
 w - 3 scrolls of enchant weapon {unknown}
 x - 3 scrolls of immolation {unknown}
 y - 3 scrolls of random uselessness {unknown}
 F - a scroll of magic mapping {unknown}
 H - a scroll of summoning {unknown}
 J - a scroll of brand weapon {unknown}
 L - a scroll of fog {unknown}
Potions
 d - 2 potions of might
 e - 3 potions of brilliance {unknown}
 p - a potion of cure mutation {unknown}
 q - 5 potions of curing
 s - 5 potions of flight
 z - 6 potions of lignification {unknown}
 A - 5 potions of degeneration {unknown}
 B - a potion of invisibility {unknown}
 C - 2 potions of berserk rage {unknown}
 G - a potion of agility {unknown}
Comestibles
 f - 5 bread rations
 g - 2 slices of pizza
 u - 18 fruits
 K - 4 chunks of flesh
 M - a beef jerky


   Skills:
 + Level 4.0 Fighting
 + Level 14.1 Maces & Flails
 + Level 3.8 Armour
 - Level 3.2 Shields
 * Level 2.0 Evocations


You had 9 spell levels left.
You didn't know any spells.

Dungeon Overview and Level Annotations

Branches:
Dungeon (8/15)             Temple (1/1) D:7            Lair (0/6) D:8

Altars:
Ashenzari
Cheibriados
Dithmenos
Gozag
Hepliaklqana
Kikubaaqudgha
Makhleb
Nemelex Xobeh
Okawaru
Qazlal
Sif Muna
Trog
Uskayaw
Vehumet
Xom
Yredelemnul
The Shining One

Annotations:
D:8 Psyche


Innate Abilities, Weirdness & Mutations

You are resistant to torment.
Your stone body is resilient. (AC +7)
You are immune to poison.
You resist negative energy. (rN+)
You are resistant to electric shocks. (rElec)
You can survive without breathing.
You are immune to petrification.
You are immune to rotting.
You have sharp toenails.
You are frail. (-10% HP)
You occasionally shout uncontrollably at your foes.
Your spells are a little easier to cast, but a little less powerful.
You expend magic power (3 MP) to strengthen your wands.


Message History

Your Fighting skill increases to level 4!
Psyche gestures wildly while chanting.
Psyche flickers and vanishes!
Deactivating autopickup; reactivate with Ctrl-A.
You hear a zap.
Some rock shatters into small pieces.
A puff of frost appears from out of thin air!
A magic dart appears from out of thin air!
The magic dart hits you!
You flicker for a moment.
A magic dart appears from out of thin air!
The magic dart hits you!
* * * LOW HITPOINT WARNING * * *
You hear a zap.
Some rock shatters into small pieces.
You hear a zap.
Some rock shatters into small pieces.
A puff of frost appears from out of thin air!
The puff of frost hits you!
You die...

#.###.#########.#
#..# ##. ##...##
#.# #..#####. #####
## #.# #........
#.# #.# ####.####
#.# #.# #.# #.#
###.# #.# ###.#
#...# #.#
####..#.######.###
#.# #
##..........@...#
#.#
#.#....############
#.# #......## #.#
#.......# #.......#
#.......# ##.[...##
##....# ##.#.#


There were no monsters in sight!

Vanquished Creatures
  Pikel (D:6)
  Prince Ribbit (D:7)
  A hungry ghost (D:6)
  Duvessa (D:6)
  2 sky beasts
  2 orc warriors (D:8)
  2 ice beasts
  2 phantoms
  7 ogres
  2 centaurs
  An elf zombie (D:4)
  4 bullfrogs
  Blork the orc (D:6)
  2 elf skeletons (D:4)
  2 water moccasin zombies (Ossuary)
  Dowan (D:6)
  A scorpion (D:5)
  The ghost of Beliam44 the Ducker, a weakling TrFi of Okawaru (D:3)
  A howler monkey (D:6)
  A crimson imp (D:6)
  2 bullfrog zombies (D:5)
  A human zombie (D:4)
  8 hounds
  A jelly (D:6)
  A centaur skeleton (D:6)
  8 orc priests
  Crazy Yiuf (D:5)
  3 bullfrog skeletons
  11 orc wizards
  2 human skeletons (D:4)
  5 iguanas
  A worker ant (D:8)
  3 big kobold zombies (Ossuary)
  2 mummies (Ossuary)
  A howler monkey zombie (D:5)
  A worker ant zombie (D:6)
  7 adders
  4 gnolls
  An adder skeleton (D:5)
  4 adder zombies (Ossuary)
  A worm (D:4)
  A dart slug (D:3)
  9 leopard geckos
  24 orcs
  A ball python (D:3)
  5 giant cockroaches
  6 goblins
  3 hobgoblins
  6 jackals
  A quokka (D:6)
  5 bats
  5 frilled lizards
  A gnoll zombie (Ossuary)
  2 hobgoblin zombies (Ossuary)
  A jackal skeleton (D:5)
  6 kobolds
  8 kobold zombies (Ossuary)
  A leopard gecko skeleton (D:6)
  7 orc zombies (Ossuary)
  A quokka skeleton (D:4)
  3 rats
200 creatures vanquished.

Vanquished Creatures (others)
  A bullfrog (D:8)
  An orc wizard (D:8)
2 creatures vanquished.

Grand Total: 202 creatures vanquished

Notes
Turn   | Place    | Note
-------+----------+-------------------------------------------
     0 | D:1      | Zhenya24pyc the Gargoyle Fighter began the quest for the Orb.
     0 | D:1      | Reached XP level 1. HP: 14/14 MP: 1/1
   158 | D:1      | Reached XP level 2. HP: 16/19 MP: 2/2
   166 | D:1      | Reached skill level 3 in Maces & Flails
   610 | D:1      | Reached XP level 3. HP: 23/23 MP: 3/3
  1320 | D:3      | Noticed Beliam44's ghost (weakling TrFi)
  1332 | D:3      | Killed Beliam44's ghost
  1332 | D:3      | Reached skill level 4 in Maces & Flails
  1332 | D:3      | Reached XP level 4. HP: 16/28 MP: 4/4
  1378 | D:3      | Reached skill level 5 in Maces & Flails
  1385 | D:3      | Reached XP level 5. HP: 32/32 MP: 5/5
  1601 | D:3      | Found a shimmering altar of Xom.
  1964 | D:4      | Found a sand-covered staircase.
  1978 | D:4      | Reached skill level 6 in Maces & Flails
  1978 | D:4      | Reached XP level 6. HP: 33/37 MP: 6/6
  1982 | Ossuary  | Entered an ossuary
  2091 | Ossuary  | Reached skill level 7 in Maces & Flails
  2117 | Ossuary  | Reached XP level 7. HP: 35/41 MP: 7/7
  2300 | D:4      | Reached skill level 8 in Maces & Flails
  2619 | D:4      | Found a shattered altar of Ashenzari.
  2702 | D:5      | Entered Level 5 of the Dungeon
  2708 | D:4      | Reached skill level 9 in Maces & Flails
  2708 | D:4      | Reached XP level 8. HP: 46/46 MP: 8/8
  2904 | D:5      | Reached skill level 10 in Maces & Flails
  3294 | D:5      | Found a runed door.
  3411 | D:5      | Found a burning altar of Makhleb.
  3474 | D:5      | Noticed Crazy Yiuf
  3487 | D:5      | Killed Crazy Yiuf
  3566 | D:6      | Noticed Duvessa
  3567 | D:6      | Noticed Dowan
  3591 | D:6      | Killed Duvessa
  3591 | D:6      | Reached skill level 11 in Maces & Flails
  3595 | D:6      | Killed Dowan
  3595 | D:6      | Reached XP level 9. HP: 46/51 MP: 9/9
  3745 | D:6      | Found an opulent altar of Gozag.
  3944 | D:6      | Reached skill level 12 in Maces & Flails
  4083 | D:6      | Noticed Blork the orc
  4095 | D:6      | Killed Blork the orc
  4173 | D:6      | Noticed Pikel
  4195 | D:6      | Killed Pikel
  4195 | D:6      | Reached skill level 13 in Maces & Flails
  4608 | D:7      | Reached XP level 10. HP: 34/56 MP: 10/10
  4712 | D:7      | Found a staircase to the Ecumenical Temple.
  4745 | Temple   | Entered the Ecumenical Temple
  4868 | Temple   | Became a worshipper of Warmaster Okawaru
  4887 | D:7      | Gained mutation: You occasionally shout uncontrollably at your foes. [mutagenic meat]
  4889 | D:7      | Gained mutation: You expend magic power (3 MP) to strengthen your wands. [mutagenic meat]
  4890 | D:7      | Gained mutation: You are frail. (-10% HP) [mutagenic meat]
  4891 | D:7      | Gained mutation: You have sharp toenails. [mutagenic meat]
  4892 | D:7      | Gained mutation: Your spells are a little easier to cast, but a little less powerful. [mutagenic meat]
  4964 | D:7      | Found a sparkling altar of Nemelex Xobeh.
  5147 | D:7      | Noticed Prince Ribbit
  5175 | D:7      | Killed Prince Ribbit
  5204 | D:7      | Reached skill level 14 in Maces & Flails
  5539 | D:8      | Reached * piety under Okawaru
  5609 | D:8      | Reached skill level 1 in Evocations
  5624 | D:8      | Found a shadowy altar of Dithmenos.
  5705 | D:8      | Found a snail-covered altar of Cheibriados.
  5708 | D:8      | Found an opulent altar of Gozag.
  5708 | D:8      | Found a hazy altar of Hepliaklqana.
  5721 | D:8      | Found an ancient bone altar of Kikubaaqudgha.
  5810 | D:8      | Found a staircase to the Lair.
  5888 | D:8      | Noticed Psyche
  5909 | D:8      | HP: 2/50 [Psyche/magic dart (9)]
  5919 | D:8      | Killed from afar by Psyche

Skill      XL: |  1  2  3  4  5  6  7  8  9 10 |
---------------+-------------------------------+-----
Maces & Flails | 3 4 5 6 7 9 11 13 14 | 14.1
Evocations     | 2 |  2.0
Fighting       | 4 |  4.0
Armour         | |  3.8
Shields        | |  3.2

Action                   |  1- 3 |  4- 6 |  7- 9 | 10-12 || total
-------------------------+-------+-------+-------+-------++-------
Melee: Flail             |    91 |   238 |   527 |   240 ||  1096
       Unarmed           |       |       |     6 |       ||     6
       Kick              |       |       |       |    55 ||    55
  Use: Scroll            |       |       |       |     7 ||     7
       Potion            |       |       |       |     1 ||     1
 Stab: Invisible         |       |       |       |     2 ||     2
  Eat: Chunk             |       |     3 |     4 |    11 ||    18
       Meat ration       |       |       |     2 |       ||     2
       Beef jerky        |       |       |     1 |       ||     1
Armor: Scale mail        |    19 |       |       |    14 ||    33
       Ring mail         |    26 |   116 |   182 |    74 ||   398
       Skin              |       |       |     3 |       ||     3
Dodge: Dodged            |    33 |    74 |   119 |    52 ||   278
Block: Shield            |    44 |   120 |   206 |    90 ||   460
